 Dungeon Crawl Stone Soup version 0.31-a0-1-g4198be8af4 (webtiles) character file.

Game seed: 16305386569810493927

2902 Pooter the Ruffian (level 9, 0/87 HPs)
             Began as a Troll Monk on May 2, 2023.
             Was an Elder of Okawaru.
             Slain by a sleepcap (18 damage)
             ... on level 7 of the Dungeon.
             The game lasted 00:33:03 (4329 turns).

Pooter the Ruffian (Troll Monk)                     Turns: 4329, Time: 00:33:04

Health: 0/87       AC:  4    Str: 25    XL:     9   Next: 49%
Magic:  8/11       EV:  1    Int: 12    God:    Okawaru [****..]
Gold:   348        SH:  0    Dex: 18    Spells: 8/13 levels left

rFire   . .          .
                       - Unarmed
rCold   . . .        (no shield)
rNeg    . . .        a - +0 robe
rPois   .            (helmet restricted)
rElec   .            (no cloak)
rCorr   .            (gloves unavailable)
SInv    .            (boots unavailable)
Will    .....        y - amulet of reflection
Stlth   +++          g - +6 ring of intelligence
HPRegen 1.14/turn    I - +6 ring of dexterity
MPRegen 0.12/turn

%: reflection
@: sleeping, heroic
A: large, unfitting armour, claws 3, regeneration 1, shaggy fur 1, tough skin 1
a: Renounce Religion, Heroism, Finesse


You were on level 7 of the Dungeon.
You worshipped Okawaru.
Okawaru was greatly pleased with you.
You visited 2 branches of the dungeon, and saw 8 of its levels.

You collected 348 gold pieces.

Inventory:

Hand Weapons
 b - a +0 shortbow
   (You took it off a centaur on level 6 of the Dungeon)
 w - a +4 battleaxe
   (You took it off a wight on level 5 of the Dungeon)
 z - a +1 flail of holy wrath
   (You took it off Edmund on level 5 of the Dungeon)
 D - a +0 sling
   (You found it on level 2 of the Dungeon)
 G - a +3 halberd
   (You took it off a wight on level 5 of the Dungeon)
Missiles
 h - 9 poisoned darts (quivered)
 k - 2 throwing nets {!f}
 n - 5 boomerangs of dispersal {!f}
 C - 4 boomerangs
 Q - 69 stones
Armour
 a - a +0 robe (worn)
 c - an orb of light
Jewellery
 g - a +6 ring of intelligence (left claw)
   (You found it on level 1 of the Dungeon)
 p - a +4 ring of protection
   (You found it on level 3 of the Dungeon)
 y - an amulet of reflection (around neck)
   (You found it on level 5 of the Dungeon)
 F - a ring of flight
   (You found it on level 6 of the Dungeon)
 I - a +6 ring of dexterity (right claw)
   (You found it on level 6 of the Dungeon)
Wands
 d - a wand of iceblast (10)
   (You found it on level 4 of the Dungeon)
 f - a wand of flame (18)
   (You found it on level 5 of the Dungeon)
 u - a wand of paralysis (3)
   (You found it on level 6 of the Dungeon)
 x - a wand of acid (8)
   (You took it off a gnoll on level 6 of the Dungeon)
Scrolls
 e - a scroll of immolation {unknown}
 i - a scroll of poison {!r}
 q - 2 scrolls of enchant armour
 t - 3 scrolls of teleportation {@r4}
 v - a scroll of noise {unknown}
 B - a scroll of magic mapping {unknown}
 E - a scroll of torment {unknown}
 K - a scroll of acquirement {unknown}
Potions
 j - a potion of ambrosia
 l - 2 potions of might {unknown}
 m - a potion of magic {unknown}
 o - 2 potions of haste {unknown}
 r - a potion of cancellation {unknown}
 s - 3 potions of invisibility {unknown}
 A - a potion of brilliance
 H - a potion of lignification {unknown}
 J - a potion of curing {unknown}


   Skills:
 + Level 4.8(9.8) Fighting
 + Level 0.4(5.4) Ranged Weapons
 - Level 2.4(7.4) Dodging
 * Level 7.9(12.9) Unarmed Combat
 + Level 2.6 Spellcasting
 + Level 2.9 Transmutations
 + Level 2.3 Air Magic
 + Level 4.1 Earth Magic
 + Level 2.5 Poison Magic
 * Level 1.3 Invocations


You had 8 spell levels left.
You knew the following spells:

 Your Spells              Type           Power      Damage    Failure   Level
a - Sandblast             Erth           22%        2d7       4%          1
b - Passwall              Tmut/Erth      8%         N/A       9%          2
c - Poisonous Vapours     Pois/Air       14%        N/A       14%         2

Your spell library contained the following spells:

 Spells                   Type           Power      Damage    Failure   Level
 Necrotise                Necr           4%         1d4       26%         1
 Swiftness                Air            7%         N/A       28%         3
 Stone Arrow              Conj/Erth      12%        3d7       32%         3
 Ensorcelled Hibernation  Hex/Ice        2%         N/A       36%         2
 Sublimation of Blood     Necr           1%         N/A       36%         2
 Mephitic Cloud           Conj/Pois/Air  5%         N/A       36%         3
 Petrify                  Tmut/Erth      10%        N/A       52%         4
 Ozocubu's Armour         Ice            1%         N/A       61%         3
 Portal Projectile        Hex/Tloc       2%         N/A       61%         3
 Vampiric Draining        Necr           1%         2d6       61%         3
 Blade Hands              Tmut           4%         N/A       91%         5
 Irradiate                Conj/Tmut      2%         3d12      98%         5
 Freezing Cloud           Conj/Ice/Air   1%         6-21      99%         5
 Agony                    Necr           1%         N/A       100%        5
 Ozocubu's Refrigeration  Ice            0%         4d7       100%        7
 Tukima's Dance           Hex            Unusable   N/A       N/A         3

Dungeon Overview and Level Annotations

Branches:
Dungeon (7/15)             Temple (1/1) D:4

Altars:
Fedhas
Kikubaaqudgha
Makhleb
Okawaru
Qazlal
Sif Muna
Trog
Vehumet
Wu Jian
Xom


Innate Abilities, Weirdness & Mutations

You are too large for most types of armour.
You have claws for hands.
Your natural rate of healing is unusually fast.
You are covered in fur. (AC +1)
You have tough skin. (AC +1)


Message History

The wyvern hisses angrily.
You claw the wyvern! x2; The wyvern barely misses you.
You claw the wyvern!
You kill the wyvern!
Okawaru accepts your kill.
Your Invocations skill increases to level 1!
A sleepcap comes into view.
You start resting.
Your magical contamination has completely faded away.
You start resting.
A wyvern comes into view.
b - a +0 shortbow (weapon)
The wyvern hisses angrily.
You shoot an arrow. The arrow barely misses the wyvern.
You shoot an arrow. The arrow closely misses the wyvern.
Aim: a wyvern You miscast Poisonous Vapours.
You are very lightly contaminated with residual magic.
Nothing appears to happen.
The wyvern bites you.
You are now empty-clawed.
You closely miss the wyvern. The wyvern bites you! The wyvern bites you.
You barely miss the wyvern. The wyvern bites you!
You scratch the wyvern. The wyvern bites you.
You barely miss the wyvern. The wyvern bites you!
You closely miss the wyvern. You claw the wyvern. The wyvern bites you. x2
You scratch the wyvern. The wyvern bites you!
* * * LOW HITPOINT WARNING * * *
You gain the combat prowess of a mighty hero.
The wyvern bites you but does no damage.
Your magical contamination has completely faded away.
You closely miss the wyvern. The wyvern barely misses you.
You barely miss the wyvern. The wyvern barely misses you. The wyvern bites you!
* * * LOW HITPOINT WARNING * * *
You barely miss the wyvern. The wyvern bites you!
* * * LOW HITPOINT WARNING * * *
You barely miss the wyvern. Your claw misses the wyvern.
The wyvern closely misses you.
You barely miss the wyvern. The wyvern completely misses you.
You closely miss the wyvern. You claw the wyvern!
You kill the wyvern!
Okawaru accepts your kill.
You scratch the sleepcap. You claw the sleepcap!
You block the sleepcap's attack.
You scratch the sleepcap. You completely miss the sleepcap.
The sleepcap releases spores at you.
* * * LOW HITPOINT WARNING * * *
You are engulfed in a cloud of soporific spores!
You fall asleep.
The sleepcap releases spores at you!!
You die...

#................
.~#~.~~
#######..........
~~.~.~~
######..###......
~.~..♣.
.................
~.~~~..#####...#########
~≈#..~~.........# ≈
..~..######.#.#
.~.~#..##.....#.#
♣....f@.#####.#
.~~.#~.#### #.# # #....
#.# #...:. #.. ....)..
##. ~~##... . # ###. ~.


You could see a sleepcap.

Vanquished Creatures
  The ghost of HilariousDeathArtist the Twirler, a novice DrHs of Vehumet (D:6)
  Grinder (D:5)
  Prince Ribbit (D:6)
  2 wyverns (D:7)
  Menkaure (D:6)
  Edmund (D:5)
  A water moccasin (D:6)
  A black bear (D:6)
  An ogre (D:5)
  A centaur (D:6)
  A phantom (D:6)
  2 scorpions
  A bullfrog (D:6)
  5 wights (D:5)
  A howler monkey (D:4)
  2 hounds (D:6)
  3 orc priests
  5 jellies
  A gnoll bouda (D:6)
  2 sleepcaps
  Ijyb (D:5)
  An iguana (D:4)
  3 orc wizards
  8 adders
  A gnoll (D:6)
  3 worms
  3 dart slugs
  10 orcs
  7 ball pythons
  5 endoplasms (D:1)
  3 giant cockroaches
  6 goblins
  6 hobgoblins
  5 kobolds
  3 quokkas
  A bat (D:3)
  2 frilled lizards
  9 rats
111 creatures vanquished.

Vanquished Creatures (others)
  2 gnolls (D:6)
2 creatures vanquished.

Grand Total: 113 creatures vanquished

Notes
Turn   | Place    | Note
-------+----------+-------------------------------------------
     0 | D:1      | Pooter the Troll Monk began the quest for the Orb.
     0 | D:1      | Reached XP level 1. HP: 22/22 MP: 0/0
    78 | D:1      | Reached XP level 2. HP: 26/29 MP: 1/1
   137 | D:1      | Learned a level 1 spell: Sandblast
   246 | D:1      | Reached XP level 3. HP: 36/36 MP: 2/2
   438 | D:2      | Found a shimmering altar of Xom.
   512 | D:2      | Reached skill level 4 in Unarmed Combat
   815 | D:2      | Reached skill level 1 in Earth Magic
   815 | D:2      | Reached XP level 4. HP: 40/44 MP: 1/3
  1256 | D:3      | Found a burning altar of Makhleb.
  1263 | D:3      | Found an ancient bone altar of Kikubaaqudgha.
  1591 | D:4      | Reached XP level 5. HP: 49/53 MP: 1/4
  1630 | D:4      | Found a staircase to the Ecumenical Temple.
  1636 | Temple   | Entered the Ecumenical Temple
  1677 | Temple   | Became a worshipper of Warmaster Okawaru
  1677 | Temple   | Reached * piety under Okawaru
  1677 | Temple   | Reached ** piety under Okawaru
  1847 | D:4      | Reached skill level 5 in Unarmed Combat
  1847 | D:4      | Reached skill level 1 in Spellcasting
  1871 | D:4      | Reached XP level 6. HP: 61/61 MP: 6/6
  2034 | D:4      | Reached skill level 1 in Transmutations
  2194 | D:5      | Entered Level 5 of the Dungeon
  2245 | D:5      | Learned a level 2 spell: Passwall
  2286 | D:5      | Noticed Grinder
  2339 | D:5      | Learned a level 2 spell: Poisonous Vapours
  2398 | D:5      | Reached XP level 7. HP: 54/67 MP: 6/8
  2450 | D:5      | Killed Grinder
  2450 | D:5      | Reached *** piety under Okawaru
  2451 | D:5      | Reached skill level 6 in Unarmed Combat
  2451 | D:5      | Reached skill level 1 in Poison Magic
  2554 | D:5      | Reached skill level 1 in Air Magic
  2665 | D:5      | Noticed Edmund
  2678 | D:5      | Killed Edmund
  2679 | D:5      | Reached XP level 8. HP: 60/78 MP: 7/9
  3040 | D:5      | Noticed Ijyb
  3043 | D:5      | Paralysed by Ijyb for 3 turns
  3050 | D:5      | Killed Ijyb
  3109 | D:5      | Found a stormy altar of Qazlal.
  3251 | D:6      | Found a radiant altar of Vehumet.
  3409 | D:6      | Noticed Menkaure
  3413 | D:6      | Killed Menkaure
  3455 | D:6      | Found a runed translucent door.
  3465 | D:6      | Noticed HilariousDeathArtist's ghost (novice DrHs)
  3482 | D:6      | Killed HilariousDeathArtist's ghost
  3482 | D:6      | Reached **** piety under Okawaru
  3483 | D:6      | Reached skill level 7 in Unarmed Combat
  3711 | D:6      | Reached XP level 9. HP: 51/85 MP: 9/11
  3712 | D:6      | Noticed Prince Ribbit
  3742 | D:6      | Killed Prince Ribbit
  4276 | D:7      | Reached skill level 1 in Invocations
  4329 | D:7      | Slain by a sleepcap

Illustrated notes

Levels and vault maps discovered:
D:1:      shiori_arrival_elements, layout_rooms
D:2:      layout_rooms, basic_altar, serial_curves, eino_curves_01,
          eino_curves_04, kennysheep_generic_room_6
D:3:      layout_loops_ring, grunt_temple_overflow_open
D:4:      layout_rooms, minmay_temple_entry_proselytizer
D:5:      nicolae_cairo_tiling_very_big, layout_loops_corners,
          mainiacjoe_overflow_surrounded_room, nrook_mini_backslash,
          st_stairs_12, uniq_grinder, uniq_ijyb, uniq_edmund
D:6:      layout_loops_cross, kennysheep_little_box, gammafunk_ghost_grave,
          uniq_menkaure, uniq_prince_ribbit1
D:7:      layout_rooms, chequers_serial_rivers_marsh, nicolae_lava_and_water,
          minivault_4
Temple:   bh_familiar_temple

Skill      XL: |  1  2  3  4  5  6  7  8  9 |
---------------+----------------------------+-----
Unarmed Combat | 4 5 6 7 |  7.9
Earth Magic    | 1 2 3 4 |  4.1
Fighting       | 3 4 |  4.8
Spellcasting   | 1 2 |  2.6
Transmutations | 1 2 |  2.9
Poison Magic   | 1 2 |  2.5
Air Magic      | 1 2 |  2.3
Invocations    | 1 |  1.3
Ranged Weapons | |  0.4
Dodging        | |  2.4

Action                     |  1- 3 |  4- 6 |  7- 9 || total
---------------------------+-------+-------+-------++-------
  Melee: Unarmed           |    73 |    55 |    98 ||   226
         Punch             |     2 |     3 |     7 ||    12
   Fire: Sling             |    17 |    66 |    24 ||   107
         Shortbow          |       |       |    25 ||    25
  Throw: Stone             |       |     2 |       ||     2
         Dart              |       |       |     3 ||     3
         Boomerang         |       |       |     1 ||     1
   Cast: Sandblast         |     4 |     5 |       ||     9
         Poisonous Vapours |       |       |     5 ||     5
 Invoke: Heroism           |       |     2 |     6 ||     8
  Evoke: Wand              |       |    14 |     6 ||    20
    Use: Scroll            |     3 |     1 |     1 ||     5
         Potion            |       |       |     2 ||     2
 Armour: Robe              |    26 |    18 |    14 ||    58
  Dodge: Dodged            |    53 |    32 |    30 ||   115
  Block: Other             |       |       |    12 ||    12

Table legend: (Time is in decaauts)
 A = Elapsed time spent in this place.
 B = Non-inter-level travel time spent in this place.
 C = Inter-level travel time spent in this place.
 D = Time resting spent in this place.
 E = Time spent auto-exploring this place.
 F = Levels seen in this place.
 G = Mean time per level.
                   A        B        C        D        E       F      G
               +--------+--------+--------+--------+--------+-----+--------+
         Total |   4342 |   4201 |    141 |    281 |   2947 |   8 |  542.8 |
       Dungeon |   4281 |   4156 |    125 |    281 |   2913 |   7 |  611.6 |
        Temple |     60 |     44 |     16 |      0 |     34 |   1 |   60.0 |
               +--------+--------+--------+--------+--------+-----+--------+

Top non-repeatable levels by time:
     D:5: 1049 daAuts
     D:6: 995 daAuts
     D:3: 709 daAuts
     D:2: 546 daAuts
     D:4: 497 daAuts
     D:1: 388 daAuts
     D:7: 95 daAuts
  Temple: 60 daAuts
